 Dungeon Crawl Stone Soup version 0.28-a0-1152-g9c71ebef14 (webtiles) character file.

Game seed: 654622472428679674

91 ytrimaz the Insei (level 4, -3/29 HPs)
             Began as an Octopode Transmuter on Dec 14, 2021.
             Slain by a quokka (5 damage)
             ... on level 3 of the Dungeon.
             The game lasted 00:02:19 (2859 turns).

ytrimaz the Insei (Octopode Transmuter)             Turns: 2859, Time: 00:02:20

Health: -3/29      AC: -7    Str:  9    XL:     4   Next: 57%
Magic:  6/7        EV: 13    Int: 17    God:
Gold:   84         SH:  0    Dex: 12    Spells: 2/8 levels left

rFire   . . .      SeeInvis .     - Unarmed
rCold   . . .      Faith    .   (no shield)
rNeg    . . .      Spirit   .   (helmet currently unavailable)
rPois   .          Reflect  .   (no amulet)
rElec   .          Harm     .   (no ring)
rCorr   .          Rampage  .   (no ring)
Will    .....                   (no ring)
Stlth   ++........              (no ring)
HPRegen 0.09/turn               (no ring)
MPRegen 0.10/turn               (no ring)
                                (no ring)
                                (no ring)

@: appendages (expiring), wereblooded (expiring), corroded
A: tentacle spike 3, almost no armour, amphibious, 8 rings, camouflage 1,
gelatinous body 1, (nimble swimmer 1), tentacles
a: End Transformation


You were on level 3 of the Dungeon.
One of your tentacles had grown a beastly spike.
You visited 1 branch of the dungeon, and saw 3 of its levels.

You collected 84 gold pieces.

Inventory:

Jewellery
 a - an amulet of guardian spirit


   Skills:
 * Level 1.6 Fighting
 - Level 2.0 Dodging
 + Level 3.7 Unarmed Combat
 * Level 2.6 Spellcasting
 * Level 3.1 Transmutations


You had 2 spell levels left.
You knew the following spells:

 Your Spells              Type           Power      Damage    Failure   Level
a - Beastly Appendage     Tmut           26%        N/A       4%          1
b - Wereblood             Tmut           13%        N/A       8%          2
c - Spider Form           Tmut/Pois      7%         N/A       28%         3

Your spell library contained the following spells:

 Spells                   Type           Power      Damage    Failure   Level
 Apportation              Tloc           4%         N/A       19%         1
 Summon Small Mammal      Summ           8%         N/A       19%         1
 Static Discharge         Conj/Air       2%         N/A       28%         2
 Call Canine Familiar     Summ           2%         N/A       50%         3
 Inner Flame              Hex/Fire       2%         N/A       50%         3
 Summon Guardian Golem    Hex/Summ       2%         N/A       50%         3
 Ice Form                 Ice/Tmut       7%         N/A       67%         4
 Cause Fear               Hex            1%         N/A       88%         4
 Iskenderun's Mystic Bla  Conj/Tloc      2%         2d3       88%         4
 Starburst                Conj/Fire      1%         6d3       100%        6


Dungeon Overview and Level Annotations

Branches:
Dungeon (3/15)

Altars:
Makhleb

Shops:
D:2 [[[!!


Innate Abilities, Weirdness & Mutations

One of your tentacles has grown a beastly spike.
You cannot wear most types of armour.
You are amphibious.
You can wear up to eight rings at the same time.
Your skin changes colour to match your surroundings (Stealth+).
Your rubbery body absorbs attacks. (AC +1, EV +1)
((You are camouflaged near water. (Stealth+)))
You have tentacles for arms and can constrict up to eight enemies at once.


Message History

The quokka is heavily wounded.
The quokka bites you.
You tentacle-slap the quokka. You grab the quokka.
The quokka is severely wounded.
You constrict the quokka. The quokka closely misses you.
You tentacle-slap the quokka.
You feel a bit better.
You kill the quokka!
Your Transmutations skill increases to level 3!
You tentacle-slap the jelly.
Your tentacles burn!
You squeeze the jelly!
The jelly is almost dead.
The jelly hits you. The acid corrodes you!
You are splashed with acid.
You barely miss the jelly. You squeeze the jelly.
The jelly is almost dead.
The jelly hits you. The acid corrodes you!
You are splashed with acid!
* * * LOW HITPOINT WARNING * * *
You tentacle-slap the jelly.
You feel a bit better.
You kill the jelly!
Unknown command.
You howl as the wereblood boils in your veins!
You start resting.
You howl as the wereblood boils in your veins!
You start resting.
You howl as the wereblood boils in your veins!
You start resting.
Your transformation is almost over.
You start resting.
You howl as the wereblood boils in your veins!
You start resting.
Your primal bloodlust is almost over.
You start resting.
A quokka is nearby!
A quokka is nearby!
The quokka bites you.
* * * LOW HITPOINT WARNING * * *
You closely miss the quokka. Your grab misses the quokka.
Your tentacle spike misses the quokka.
You squeeze the quokka, but do no damage.
You howl as the wereblood boils in your veins!
The quokka bites you.
You die...

####### ..!.... .......
#.# ....... #.######
.......
#########.#.##...##.(..?..
.†)..............r'......>
...##.#####.#...@##.......
#..#......#.#....# .....r.
#..#..###.#.#....# .......
#..#<.....#.#....# .......
#..########.#.#### #######
#...........#.#
#.########..[.#
#.###.......).#
#............##


You could see a quokka.

Vanquished Creatures
  A jelly (D:3)
  2 adders
  6 ball pythons
  A bat (D:3)
  2 endoplasms
  A giant cockroach (D:3)
  9 hobgoblins
  2 quokkas
  2 frilled lizards
  7 goblins
  5 kobolds
  2 rats
40 creatures vanquished.

Notes
Turn   | Place    | Note
-------+----------+-------------------------------------------
     0 | D:1      | ytrimaz the Octopode Transmuter began the quest for the
                  | Orb.
     0 | D:1      | Reached XP level 1. HP: 13/13 MP: 3/3
   288 | D:1      | Reached XP level 2. HP: 18/18 MP: 5/5
  1078 | D:1      | Learned a level 2 spell: Wereblood
  1164 | D:1      | Reached XP level 3. HP: 14/23 MP: 4/6
  1168 | D:1      | Learned a level 3 spell: Spider Form
  1290 | D:1      | Found a faded altar of an unknown god.
  1298 | D:1      | Got Plato's Incunabulum of the Compass
  1572 | D:2      | HP: 1/23 [poisoned by an adder]
  1941 | D:2      | Found Qafroyjo's Distillery.
  1989 | D:2      | Found Suridd's Distillery.
  2050 | D:2      | Found Xueluat's Armour Shoppe.
  2358 | D:2      | Found Wothrorot's Armour Emporium.
  2388 | D:2      | Found Ynyciosk's Antique Armour Shop.
  2562 | D:3      | Got Pupo's Handbook of Battle Magic and Malediction
  2723 | D:3      | Found a burning altar of Makhleb.
  2734 | D:3      | Reached XP level 4. HP: 22/28 MP: 3/7
  2859 | D:3      | Slain by a quokka

Illustrated notes

Levels and vault maps discovered:
D:1:      dpeg_arrival_pits, layout_loops_ring,
          shapermc_ecumenical_altar_rom_forum
D:2:      layout_loops_ring, serial_shops, nicolae_lakefront_shop,
          nicolae_square_shop, nicolae_shop_stone, nicolae_shop_window_shopping,
          nicolae_diamond_shop, minmay_tetromino_s2
D:3:      layout_basic, mainiacjoe_overflow_tiny_flanked, uniq_terence

Skill      XL: |  1  2  3  4 |
---------------+-------------+-----
Transmutations | 3 |  3.1
Fighting       | |  1.6
Dodging        | |  2.0
Unarmed Combat | |  3.7
Spellcasting   | |  2.6

Action                   |  1- 3 |  4- 6 || total
-------------------------+-------+-------++-------
Melee: Unarmed           |    94 |    14 ||   108
       Constrict         |    24 |     2 ||    26
       Tentacles         |    13 |     4 ||    17
       Kick              |    10 |     2 ||    12
 Cast: Beastly Appendage |    18 |     2 ||    20
       Spider Form       |     2 |       ||     2
       Wereblood         |       |     1 ||     1
  Use: Scroll            |     6 |       ||     6
       Potion            |     1 |       ||     1
 Stab: Sleeping          |     4 |       ||     4
Armor: Skin              |     8 |       ||     8
Dodge: Dodged            |    50 |     5 ||    55

Table legend: (Time is in decaauts)
 A = Elapsed time spent in this place.
 B = Non-inter-level travel time spent in this place.
 C = Inter-level travel time spent in this place.
 D = Time resting spent in this place.
 E = Time spent auto-exploring this place.
 F = Levels seen in this place.
 G = Mean time per level.
                   A        B        C        D        E       F      G
               +--------+--------+--------+--------+--------+-----+--------+
         Total |   2851 |   2819 |     32 |     10 |   2457 |   3 |  950.3 |
       Dungeon |   2851 |   2819 |     32 |     10 |   2457 |   3 |  950.3 |
               +--------+--------+--------+--------+--------+-----+--------+

Top non-repeatable levels by time:
     D:1: 1551 daAuts
     D:2: 847 daAuts
     D:3: 452 daAuts
